 Dungeon Crawl Stone Soup version 0.28-a0-1395-g4f6bc678fa (webtiles) character file.

Game seed: 18126967316230931192

32 eustatius the Digger (level 3, 0/25 HPs)
             Began as a Gnoll Wanderer on Jan 4, 2022.
             Slain by Terence (2 damage)
             ... on level 2 of the Dungeon.
             The game lasted 00:05:29 (940 turns).

eustatius the Digger (Gnoll Wanderer)                Turns: 940, Time: 00:05:29

Health: 0/25       AC:  3    Str: 10    XL:     3   Next: 27%
Magic:  1/9        EV: 12    Int: 15    God:
Gold:   69         SH:  0    Dex: 10    Spells: 10/12 levels left

rFire   . . .      SeeInvis .   a - +0 club
rCold   . . .      Faith    .   (no shield)
rNeg    . . .      Spirit   .   c - +0 robe
rPois   .          Reflect  .   d - +0 helmet
rElec   .          Harm     .   (no cloak)
rCorr   .          Rampage  .   (no gloves)
Will    .....                   (no boots)
Stlth   ++........              (no amulet)
HPRegen 0.08/turn               (no ring)
MPRegen 0.11/turn               (no ring)

@: no status effects
A: fangs 1, strong nose, distributed training
a: no special abilities


You were on level 2 of the Dungeon.
You visited 1 branch of the dungeon, and saw 2 of its levels.

You collected 69 gold pieces.

Inventory:

Hand Weapons
 a - a +0 club (weapon)
Missiles
 b - 61 stones (quivered)
Armour
 c - a +0 robe (worn)
 d - a +0 helmet (worn)
Scrolls
 f - 2 scrolls of fog {unknown}
Potions
 e - 2 potions of berserk rage {unknown}
 g - a potion of might {unknown}


   Skills:
 + Level 0.7 Fighting
 + Level 0.7 Short Blades
 + Level 0.7 Long Blades
 + Level 0.7 Axes
 + Level 0.7 Maces & Flails
 + Level 0.7 Polearms
 + Level 0.7 Staves
 + Level 0.7 Slings
 + Level 0.7 Bows
 + Level 0.7 Crossbows
 + Level 0.7 Throwing
 + Level 2.6 Armour
 + Level 2.6 Dodging
 + Level 2.3 Stealth
 + Level 0.7 Shields
 + Level 0.7 Unarmed Combat
 + Level 5.0 Spellcasting
 + Level 0.5 Conjurations
 + Level 0.5 Hexes
 + Level 0.5 Summonings
 + Level 0.5 Necromancy
 + Level 0.5 Translocations
 + Level 3.7 Transmutations
 + Level 0.5 Fire Magic
 + Level 0.5 Ice Magic
 + Level 0.5 Air Magic
 + Level 5.4 Earth Magic
 + Level 0.5 Poison Magic
 + Level 0.9 Invocations
 + Level 0.7 Evocations


You had 10 spell levels left.
You knew the following spells:

 Your Spells              Type           Power      Damage    Failure   Level
a - Sandblast             Erth           40%        2d10      1%          1
b - Beastly Appendage     Tmut           30%        N/A       3%          1

Your spell library contained the following spells:

 Spells                   Type           Power      Damage    Failure   Level
 Passwall                 Tmut/Erth      14%        N/A       3%          2
 Ignite Poison            Fire/Tmut/Pois 8%         N/A       26%         3
 Animate Armour           Summ/Erth      24%        N/A       43%         4


Dungeon Overview and Level Annotations

Branches:
Dungeon (2/15)

Altars:

Annotations:
D:2 Terence


Innate Abilities, Weirdness & Mutations

You have very sharp teeth.
Your uncanny sense of smell can sniff out nearby items.
Your experience applies equally to all skills.


Message History

Terence is almost dead.
b - 63 stones Terence hits you but does no damage.
Casting: Sandblast (safe; 1% risk of failure)
Confirm with . or Enter, or press ? or * to list all spells.
You don't have enough magic to cast this spell.
Unknown command.
Found 10 gold pieces.
Terence hits you with a +0 short sword.
* * * LOW HITPOINT WARNING * * *
Casting: Sandblast (safe; 1% risk of failure)
Confirm with . or Enter, or press ? or * to list all spells.
You don't have enough magic to cast this spell.
Casting: Sandblast (safe; 1% risk of failure)
Confirm with . or Enter, or press ? or * to list all spells.
You don't have enough magic to cast this spell.
Casting: Sandblast (safe; 1% risk of failure)
Confirm with . or Enter, or press ? or * to list all spells.
Aiming: Sandblast (safe; 1% risk of failure)
Press: ? - help, Shift-Dir - straight line, f/p - Terence
Aim: Terence, wielding a +0 short sword and wearing a +0 scale mail (severely wounded, 83% to hit)
The blast of sand hits Terence but does no damage.
Terence is severely wounded.
b - 62 stones Terence barely misses you.
Found 9 gold pieces.
Terence hits you with a +0 short sword.
* * * LOW HITPOINT WARNING * * *
Terence barely misses you.
A kobold comes into view. It is wielding a +0 flail.
Casting: Sandblast (safe; 1% risk of failure)
Confirm with . or Enter, or press ? or * to list all spells.
Aiming: Sandblast (safe; 1% risk of failure)
Press: ? - help, Shift-Dir - straight line, f/p - Terence
Aim: Terence, wielding a +0 short sword and wearing a +0 scale mail (severely wounded, 83% to hit)
The blast of sand hits Terence.
Terence is almost dead.
b - 61 stones The kobold shouts!
Terence hits you with a +0 short sword.
You die...

### ..# $.# #..# #.# #..#
###.## ######..## .... #...
...$#
######.#########.####...#####
............................
#####..#######.@.......##.##
...............#@#.........#
#####..#######+#.#.##K....##
.....# #......#.###..#.#
#......####.............#.#
#.................####....#
+...........).....#...#...#
#.......###........####.#.#
#...#...........#.......#.#
.........†.###....)#.#


You could see Terence.

Vanquished Creatures
  An adder (D:2)
  3 ball pythons (D:1)
  3 endoplasms (D:1)
  3 giant cockroaches (D:1)
  3 goblins
  A hobgoblin (D:2)
  2 kobolds (D:1)
  2 bats
  4 frilled lizards
  A rat (D:1)
23 creatures vanquished.

Notes
Turn   | Place    | Note
-------+----------+-------------------------------------------
     0 | D:1      | eustatius the Gnoll Wanderer began the quest for the Orb.
     0 | D:1      | eustatius set off with the following items: a +0 club, 23
                  | stones, a +0 robe, a +0 helmet; and the following spells
                  | available to memorise: Sandblast, Beastly Appendage,
                  | Passwall, Ignite Poison, Animate Armour
     0 | D:1      | Reached XP level 1. HP: 13/13 MP: 6/6
    14 | D:1      | Learned a level 1 spell: Sandblast
    16 | D:1      | Learned a level 1 spell: Beastly Appendage
   175 | D:1      | Reached XP level 2. HP: 19/19 MP: 4/7
   872 | D:2      | Reached skill level 5 in Spellcasting
   872 | D:2      | Reached XP level 3. HP: 14/25 MP: 4/9
   893 | D:2      | Noticed Terence
   927 | D:2      | HP: 1/25 [Terence (6)]
   940 | D:2      | Slain by Terence

Illustrated notes

Levels and vault maps discovered:
D:1:      dpeg_arrival_rhombus, layout_basic
D:2:      layout_basic, serial_corexii_hall, corexii_hall_statues_t,
          corexii_hall_statues_u, chequers_hall_statues_corner_a,
          corexii_hall_statues_deadend, minmay_pentomino_q2, uniq_terence,
          uniq_sigmund

Skill      XL: |  1  2 |
---------------+-------+-----
Spellcasting   | 5 |  5.0
Fighting       | |  0.7
Short Blades   | |  0.7
Long Blades    | |  0.7
Axes           | |  0.7
Maces & Flails | |  0.7
Polearms       | |  0.7
Staves         | |  0.7
Slings         | |  0.7
Bows           | |  0.7
Crossbows      | |  0.7
Throwing       | |  0.7
Armour         | |  2.6
Dodging        | |  2.6
Stealth        | |  2.3
Shields        | |  0.7
Unarmed Combat | |  0.7
Conjurations   | |  0.5
Hexes          | |  0.5
Summonings     | |  0.5
Necromancy     | |  0.5
Translocations | |  0.5
Transmutations | |  3.7
Fire Magic     | |  0.5
Ice Magic      | |  0.5
Air Magic      | |  0.5
Earth Magic    | |  5.4
Poison Magic   | |  0.5
Invocations    | |  0.9
Evocations     | |  0.7

Action                   || total
-------------------------++-------
Melee: Club              ||     3
Throw: Stone             ||     1
 Cast: Sandblast         ||    35
       Beastly Appendage ||     1
Armor: Robe              ||     6
Dodge: Dodged            ||    10

Table legend: (Time is in decaauts)
 A = Elapsed time spent in this place.
 B = Non-inter-level travel time spent in this place.
 C = Inter-level travel time spent in this place.
 D = Time resting spent in this place.
 E = Time spent auto-exploring this place.
 F = Levels seen in this place.
 G = Mean time per level.
                   A        B        C        D        E       F      G
               +--------+--------+--------+--------+--------+-----+--------+
         Total |    940 |    906 |     34 |      0 |    571 |   2 |  470.0 |
       Dungeon |    940 |    906 |     34 |      0 |    571 |   2 |  470.0 |
               +--------+--------+--------+--------+--------+-----+--------+

Top non-repeatable levels by time:
     D:1: 857 daAuts
     D:2: 83 daAuts
